TOP OF THE 1ST |
Santa Monica Bruins batting - Pitching for Lansing Lugnuts : LHP Carlos Flores
|
Pitching: LHP Carlos Flores
|
|
Batting: RHB Alonso Sánchez
|
0-0: Ball 1-0: Foul Ball, location: 2F 1-1: Called Strike 1-2: Strikes out swinging
|
Batting: RHB Lorenzo Martínez
|
0-0: Called Strike 0-1: Ball 1-1: Called Strike 1-2: Foul Ball, location: 2F 1-2: Strikes out looking
|
Batting: RHB Motoshige Yagi
|
0-0: Ball 1-0: Swinging Strike 1-1: Called Strike 1-2: Strikes out swinging
|
Top of the 1st over - 0 run(s), 0 hit(s), 0 error(s), 0 left on base; Santa Monica 0 - Lansing 0 |
BOTTOM OF THE 1ST |
Lansing Lugnuts batting - Pitching for Santa Monica Bruins : RHP Santiago González
|
Pitching: RHP Santiago González
|
|
Batting: LHB Jeffrey Satterley
|
0-0: Ball 1-0: SINGLE (Groundball, 6MD) (infield hit)
|
Batting: RHB Gilberto López
|
0-0: Ball 1-0: Ball Jeffrey Satterley steals 2nd base 2-0: SINGLE (Groundball, 5) Jeffrey Satterley to third Runner from 3rd tries for Home, SAFE, no throw or cutoff
|
Batting: LHB Lewis Barr
|
0-0: Ball 1-0: Foul Ball, location: 2F 1-1: Ball 2-1: Called Strike 2-2: Strikes out swinging
|
Batting: RHB Jeff Packard
|
0-0: Ball 1-0: Called Strike 1-1: Ball 2-1: Foul Ball, location: 2F 2-2: DOUBLE (Line Drive, 8LXD) Gilberto López to third Runner from 3rd tries for Home, SAFE, no throw or cutoff
|
Batting: LHB Damon Mitchell
|
0-0: Foul Ball, location: 2F 0-1: Ball 1-1: Ball 2-1: Foul Ball, location: 2F 2-2: Ball 3-2: Strikes out looking
|
Batting: RHB Júlio Caraballo
|
0-0: Fly out, F6 (Line Drive, 6)
|
Bottom of the 1st over - 2 run(s), 3 hit(s), 0 error(s), 1 left on base; Santa Monica 0 - Lansing 2 |
TOP OF THE 2ND |
Santa Monica Bruins batting - Pitching for Lansing Lugnuts : LHP Carlos Flores
|
Batting: RHB Mario Martínez
|
0-0: Called Strike 0-1: Ball 1-1: Swinging Strike 1-2: Foul Ball, location: 2F 1-2: Strikes out swinging
|
Batting: RHB Kuniaki Kawashima
|
0-0: Called Strike 0-1: Called Strike 0-2: Fly out, F9 (Flyball, 89S)
|
Batting: LHB Cade Delaney
|
0-0: Foul Ball, location: 2F 0-1: Swinging Strike 0-2: Strikes out looking
|
Top of the 2nd over - 0 run(s), 0 hit(s), 0 error(s), 0 left on base; Santa Monica 0 - Lansing 2 |
BOTTOM OF THE 2ND |
Lansing Lugnuts batting - Pitching for Santa Monica Bruins : RHP Santiago González
|
Batting: LHB Pedro Padilla
|
0-0: Ball 1-0: Ball 2-0: Ball 3-0: Called Strike 3-1: Foul Ball, location: 2F 3-2: Foul Ball, location: 2F 3-2: Base on Balls
|
Batting: RHB Alberto Velásquez
|
0-0: Grounds into double play, 5-4-3 (Groundball, 5)
|
Batting: RHB Gordon Langley
|
0-0: Ball 1-0: Foul Ball, location: 2F 1-1: Fly out, F9 (Line Drive, 89S)
|
Bottom of the 2nd over - 0 run(s), 0 hit(s), 0 error(s), 0 left on base; Santa Monica 0 - Lansing 2 |
TOP OF THE 3RD |
Santa Monica Bruins batting - Pitching for Lansing Lugnuts : LHP Carlos Flores
|
Batting: LHB Matsusuke Yamasaki
|
0-0: Called Strike 0-1: Ball 1-1: Swinging Strike 1-2: Strikes out swinging
|
Batting: RHB Pablo Peña
|
0-0: Foul Ball, location: 2F 0-1: Foul Ball, location: 2F 0-2: Strikes out swinging
|
Batting: RHB Armando Méndez
|
0-0: Swinging Strike 0-1: Ball 1-1: Called Strike 1-2: Ball 2-2: Strikes out swinging
|
Top of the 3rd over - 0 run(s), 0 hit(s), 0 error(s), 0 left on base; Santa Monica 0 - Lansing 2 |
BOTTOM OF THE 3RD |
Lansing Lugnuts batting - Pitching for Santa Monica Bruins : RHP Santiago González
|
Batting: LHB Jeffrey Satterley
|
0-0: Ball 1-0: Called Strike 1-1: Swinging Strike 1-2: Foul Ball, location: 2F 1-2: Foul Ball, location: 2F 1-2: Ground out U3 (Groundball, 3S)
|
Batting: RHB Gilberto López
|
0-0: Ball 1-0: Ball 2-0: Called Strike 2-1: Ball 3-1: Base on Balls
|
Batting: LHB Lewis Barr
|
0-0: Ball 1-0: Grounds into double play, 5-4-3 (Groundball, 5L)
|
Bottom of the 3rd over - 0 run(s), 0 hit(s), 0 error(s), 0 left on base; Santa Monica 0 - Lansing 2 |
TOP OF THE 4TH |
Santa Monica Bruins batting - Pitching for Lansing Lugnuts : LHP Carlos Flores
|
Batting: RHB Alonso Sánchez
|
0-0: Swinging Strike 0-1: Ball 1-1: Swinging Strike 1-2: Strikes out looking
|
Batting: RHB Lorenzo Martínez
|
0-0: Ball 1-0: Ball 2-0: Ball 3-0: Base on Balls
|
Batting: RHB Motoshige Yagi
|
0-0: Ball Wild Pitch! Lorenzo Martínez to second 1-0: Foul Ball, location: 2F 1-1: Ground out 5-3 (Groundball, 56)
|
Batting: RHB Mario Martínez
|
0-0: Ground out 1-3 (Groundball, 13S)
|
Top of the 4th over - 0 run(s), 0 hit(s), 0 error(s), 1 left on base; Santa Monica 0 - Lansing 2 |
BOTTOM OF THE 4TH |
Lansing Lugnuts batting - Pitching for Santa Monica Bruins : RHP Santiago González
|
Batting: RHB Jeff Packard
|
0-0: Called Strike 0-1: Called Strike 0-2: Strikes out swinging
|
Batting: LHB Damon Mitchell
|
0-0: Ball 1-0: Called Strike 1-1: Ball 2-1: Ball 3-1: Called Strike 3-2: Foul Ball, location: 2F 3-2: Strikes out swinging
|
Batting: RHB Júlio Caraballo
|
0-0: Ball 1-0: Called Strike 1-1: Ball 2-1: Foul Ball, location: 2F 2-2: Strikes out looking
|
Bottom of the 4th over - 0 run(s), 0 hit(s), 0 error(s), 0 left on base; Santa Monica 0 - Lansing 2 |
TOP OF THE 5TH |
Santa Monica Bruins batting - Pitching for Lansing Lugnuts : LHP Carlos Flores
|
Batting: RHB Kuniaki Kawashima
|
0-0: SINGLE (Groundball, 56)
|
Batting: LHB Cade Delaney
|
0-0: Called Strike 0-1: Ball 1-1: Ball 2-1: Swinging Strike 2-2: Strikes out swinging
|
Batting: LHB Matsusuke Yamasaki
|
0-0: Ball 1-0: Ball 2-0: Called Strike 2-1: Swinging Strike 2-2: Ball 3-2: Strikes out swinging
|
Batting: RHB Pablo Peña
|
0-0: Ball 1-0: Swinging Strike 1-1: Ball 2-1: Called Strike 2-2: Foul Ball, location: 2F 2-2: Foul Ball, location: 2F 2-2: Foul Ball, location: 2F 2-2: Strikes out looking
|
Top of the 5th over - 0 run(s), 1 hit(s), 0 error(s), 1 left on base; Santa Monica 0 - Lansing 2 |
BOTTOM OF THE 5TH |
Lansing Lugnuts batting - Pitching for Santa Monica Bruins : RHP Santiago González
|
Batting: LHB Pedro Padilla
|
0-0: Foul Ball, location: 2F 0-1: Swinging Strike 0-2: Ground out 4-3 (Groundball, 4)
|
Batting: RHB Alberto Velásquez
|
0-0: Ball 1-0: Foul Ball, location: 2F 1-1: Ball 2-1: SOLO HOME RUN (Flyball, 78XD), Distance : 421 ft
|
Batting: RHB Gordon Langley
|
0-0: Called Strike 0-1: Swinging Strike 0-2: Strikes out swinging
|
Batting: LHB Jeffrey Satterley
|
0-0: Called Strike 0-1: Ball 1-1: Swinging Strike 1-2: Foul Ball, location: 2F 1-2: Ball 2-2: Strikes out swinging
|
Bottom of the 5th over - 1 run(s), 1 hit(s), 0 error(s), 0 left on base; Santa Monica 0 - Lansing 3 |
TOP OF THE 6TH |
Santa Monica Bruins batting - Pitching for Lansing Lugnuts : LHP Carlos Flores
|
Batting: RHB Armando Méndez
|
0-0: Ball 1-0: SINGLE (Popup, 9LS)
|
Batting: RHB Alonso Sánchez
|
0-0: Ball 1-0: Ball 2-0: Ball 3-0: Called Strike 3-1: Base on Balls Armando Méndez to second
|
Batting: RHB Lorenzo Martínez
|
0-0: Ball 1-0: Ball 2-0: Ball 3-0: Called Strike 3-1: Base on Balls Armando Méndez to third Alonso Sánchez to second
|
Pitching: RHP Gerald Hood
|
|
Batting: RHB Motoshige Yagi
|
0-0: SINGLE (Groundball, 34D) Armando Méndez scores Alonso Sánchez to third Lorenzo Martínez to second Runner from 3rd tries for Home, SAFE, no throw or cutoff
|
Batting: RHB Mario Martínez
|
0-0: Ball 1-0: Called Strike 1-1: TRIPLE (Line Drive, 7LD) Lorenzo Martínez scores Motoshige Yagi scores
|
Batting: RHB Kuniaki Kawashima
|
0-0: Swinging Strike 0-1: Ball 1-1: Foul Ball, location: 2F 1-2: Strikes out swinging
|
Batting: LHB Cade Delaney
|
0-0: Ball 1-0: Foul Ball, location: 2F 1-1: Foul Ball, location: 2F 1-2: Strikes out swinging
|
Batting: LHB Matsusuke Yamasaki
|
0-0: Ball 1-0: Ball 2-0: Swinging Strike 2-1: Ball 3-1: SINGLE (Line Drive, 78M) Mario Martínez scores
|
Batting: RHB Pablo Peña
|
0-0: Foul Ball, location: 2F 0-1: Fielders Choice at 2nd, 6-4 (Groundball, 6)
|
Top of the 6th over - 5 run(s), 4 hit(s), 0 error(s), 0 left on base; Santa Monica 5 - Lansing 3 |
BOTTOM OF THE 6TH |
Lansing Lugnuts batting - Pitching for Santa Monica Bruins : RHP Santiago González
|
Batting: RHB Gilberto López
|
0-0: SINGLE (Groundball, 56D)
|
Batting: LHB Lewis Barr
|
0-0: Fielders Choice at 2nd, 1-6 (Groundball, 23)
|
Batting: RHB Jeff Packard
|
Pickoff Throw to First - Out! 0-0: SINGLE (Groundball, 56D)
|
Batting: LHB Damon Mitchell
|
0-0: Fly out, F6 (Popup, 5D)
|
Bottom of the 6th over - 0 run(s), 2 hit(s), 0 error(s), 1 left on base; Santa Monica 5 - Lansing 3 |
BOTTOM OF THE 7TH |
Lansing Lugnuts batting - Pitching for Santa Monica Bruins : RHP Santiago González
|
Batting: RHB Júlio Caraballo
|
0-0: Foul Ball, location: 2F 0-1: Ball 1-1: Fly out, F6 (Line Drive, 6MD)
|
Batting: LHB Pedro Padilla
|
0-0: Called Strike 0-1: Called Strike 0-2: Foul Ball, location: 2F 0-2: Ball 1-2: Ground out 6-3 (Groundball, 6MS)
|
Batting: RHB Alberto Velásquez
|
0-0: Ball 1-0: Foul Ball, location: 2F 1-1: Called Strike 1-2: SOLO HOME RUN (Line Drive, 78XD), Distance : 415 ft
|
Batting: RHB Gordon Langley
|
0-0: Called Strike 0-1: Ground out 5-3 (Groundball, 56)
|
Bottom of the 7th over - 1 run(s), 1 hit(s), 0 error(s), 0 left on base; Santa Monica 7 - Lansing 4 |
TOP OF THE 8TH |
Santa Monica Bruins batting - Pitching for Lansing Lugnuts : LHP Craig Bowling
|
Batting: LHB Cade Delaney
|
0-0: Called Strike 0-1: Swinging Strike 0-2: Ball 1-2: Ball 2-2: Foul Ball, location: 2F 2-2: Ball 3-2: Strikes out swinging
|
Batting: LHB Matsusuke Yamasaki
|
0-0: Foul Ball, location: 2F 0-1: Ball 1-1: Ball 2-1: Foul Ball, location: 2F 2-2: Ball 3-2: Foul Ball, location: 2F 3-2: Base on Balls
|
Pitching: RHP Paul McKee
|
|
Batting: RHB Pablo Peña
|
0-0: Called Strike 0-1: Ball 1-1: Ball 2-1: Swinging Strike 2-2: SINGLE (Groundball, 6M) Matsusuke Yamasaki to second Runner from 2nd tries for 3rd, SAFE, throw made to third
|
Batting: RHB Armando Méndez
|
0-0: Foul Ball, location: 2F 0-1: SINGLE (Groundball, 6MD) Matsusuke Yamasaki scores Pablo Peña to second
|
Batting: RHB Alonso Sánchez
|
0-0: Ball 1-0: Called Strike 1-1: Foul Ball, location: 2F 1-2: Foul Ball, location: 2F 1-2: Strikes out looking
|
Batting: RHB Lorenzo Martínez
|
0-0: Called Strike 0-1: Foul Ball, location: 2F 0-2: Ball 1-2: Strikes out swinging
|
Top of the 8th over - 1 run(s), 2 hit(s), 0 error(s), 2 left on base; Santa Monica 8 - Lansing 4 |
BOTTOM OF THE 8TH |
Lansing Lugnuts batting - Pitching for Santa Monica Bruins : RHP Santiago González
|
Pitching: RHP Javier Correa
|
|
Batting: LHB Jeffrey Satterley
|
0-0: Ball 1-0: Ball 2-0: Foul Ball, location: 2F 2-1: Foul Ball, location: 2F 2-2: Ball 3-2: Foul Ball, location: 2F 3-2: Base on Balls
|
Batting: RHB Gilberto López
|
0-0: Called Strike 0-1: Grounds into double play, 5-4-3 (Groundball, 5)
|
Batting: LHB Lewis Barr
|
0-0: Foul Ball, location: 2F 0-1: Swinging Strike 0-2: Ball 1-2: Foul Ball, location: 2F 1-2: Ball 2-2: Foul Ball, location: 2F 2-2: Foul Ball, location: 2F 2-2: Foul Ball, location: 2F 2-2: Strikes out swinging
|
Bottom of the 8th over - 0 run(s), 0 hit(s), 0 error(s), 0 left on base; Santa Monica 8 - Lansing 4 |
TOP OF THE 9TH |
Santa Monica Bruins batting - Pitching for Lansing Lugnuts : RHP Paul McKee
|
Batting: RHB Motoshige Yagi
|
0-0: Called Strike 0-1: Foul Ball, location: 2F 0-2: Ball 1-2: Foul Ball, location: 2F 1-2: Ball 2-2: Ball 3-2: Strikes out swinging
|
Pitching: RHP Miguel Ramírez
|
|
Batting: RHB Mario Martínez
|
0-0: Called Strike 0-1: SINGLE (Line Drive, 4MD)
|
Batting: RHB Kuniaki Kawashima
|
0-0: Ball 1-0: Swinging Strike 1-1: Foul Ball, location: 2F 1-2: SINGLE (Line Drive, 89S) Mario Martínez to second
|
Batting: LHB Cade Delaney
|
0-0: Called Strike 0-1: Called Strike 0-2: Foul Ball, location: 2F 0-2: Strikes out swinging
|
Batting: LHB Matsusuke Yamasaki
|
0-0: Called Strike 0-1: Foul Ball, location: 2F 0-2: Foul Ball, location: 2F 0-2: Strikes out looking
|
Top of the 9th over - 0 run(s), 2 hit(s), 0 error(s), 2 left on base; Santa Monica 8 - Lansing 4 |
BOTTOM OF THE 9TH |
Lansing Lugnuts batting - Pitching for Santa Monica Bruins : RHP Javier Correa
|
Batting: RHB Jeff Packard
|
0-0: Ball 1-0: Foul Ball, location: 2F 1-1: Ball 2-1: Ball 3-1: SOLO HOME RUN (Flyball, 7D), Distance : 393 ft
|
Pitching: RHP Manuel López
|
|
Batting: LHB Damon Mitchell
|
0-0: Swinging Strike 0-1: Called Strike 0-2: Ball 1-2: Ball 2-2: Fly out, F9 (Flyball, 89S)
|
Batting: RHB Júlio Caraballo
|
0-0: Ball 1-0: Fly out, F7 (Line Drive, 7M)
|
Batting: LHB Pedro Padilla
|
0-0: SINGLE (Groundball, 6MD)
|
Batting: RHB Alberto Velásquez
|
0-0: Ball 1-0: Swinging Strike 1-1: Fly out, F8 (Flyball, 8LD)
|
Bottom of the 9th over - 1 run(s), 2 hit(s), 0 error(s), 1 left on base; Santa Monica 8 - Lansing 5 |
|